 Dungeon Sprint DCSS version 0.29.1-12-g30fa7ad0bf (webtiles) character file.

Game seed: 8399697167183417271

3343 Groucho the Unseen (level 9, -2/48 HPs)
             Began as a Spriggan Enchanter on Dec 17, 2022.
             Was a Believer of Dithmenos.
             Slain by a polar bear (25 damage)
             ... in the Dungeon (Sprint II: "The Violet Keep of Menkaure").
             The game lasted 00:05:49 (392 turns).

Groucho the Unseen (Spriggan Enchanter)              Turns: 392, Time: 00:05:49

Health: -2/48      AC:  2    Str:  6    XL:     9   Next: 72%
Magic:  15/26      EV: 24    Int: 17    God:    Dithmenos [**....]
Gold:   584        SH:  0    Dex: 17    Spells: 21/32 levels left

rFire   . . .      SeeInvis +   a - +1 dagger
rCold   . . .      Faith    .   (no shield)
rNeg    . . .      Spirit   .   b - +0 robe
rPois   .          Reflect  .   (helmet restricted)
rElec   .          Harm     .   (no cloak)
rCorr   .          Rampage  .   (gloves unavailable)
Will    +....      NoTele   +   (boots unavailable)
Stlth   +++++++++.              (no amulet)
HPRegen 0.16/turn               e - ring of flight
MPRegen 0.20/turn               (no ring)

@: flying, wreathed by umbra, very quick
A: very small, no large weapons, unfitting armour, see invisible, speed 3
a: Renounce Religion, Shadow Step


You were in the Dungeon.
You worshipped Dithmenos.
Dithmenos was pleased with you.
You visited 1 branch You collected 1071 gold pieces.
You spent 487 gold pieces at shops.

Inventory:

Hand Weapons
 a - a +1 dagger (weapon)
Armour
 b - a +0 robe (worn)
 f - a scarf of resistance
Jewellery
 e - a ring of flight (left hand)
Scrolls
 j - a scroll of torment {unknown}
Potions
 c - a potion of invisibility
 d - a potion of flight
 g - 2 potions of magic
 h - a potion of berserk rage


   Skills:
 + Level 6.3 Fighting
 - Level 10.0 Short Blades
 + Level 10.3 Dodging
 - Level 17.0 Stealth
 + Level 12.4 Spellcasting
 + Level 12.7 Hexes


You had 21 spell levels left.
You knew the following spells:

 Your Spells              Type           Power      Damage    Failure   Level
a - Ensorcelled Hibernat  Hex/Ice        64%        N/A       1%          2
b - Confusing Touch       Hex            52%        N/A       1%          3
c - Dazzling Flash        Conj/Hex       64%        N/A       1%          3
d - Tukima's Dance        Hex            52%        N/A       1%          3

Your spell library contained the following spells:

 Spells                   Type           Power      Damage    Failure   Level


Dungeon Overview and Level Annotations

Branches:
Dungeon (1/1)

Altars:
Cheibriados
Dithmenos
Elyvilon
Fedhas
Gozag
Hepliaklqana
Kikubaaqudgha
Makhleb
Nemelex Xobeh
Okawaru
Qazlal
Ru
Sif Muna
Trog
Uskayaw
Vehumet
Wu Jian
Xom
Yredelemnul
Zin
The Shining One
Jiyva
Lugonu

Shops:
D [!::([(*=([=?:!

Annotations:
D exclusion: oklob plant


Innate Abilities, Weirdness & Mutations

You are very small and have problems with some larger weapons.
You are too small for most types of armour.
You have supernaturally acute eyesight. (SInv)
You cover ground extremely quickly. (Speed+++)


Message History

You feel sick.
Unknown command.
Unknown command.
You feel sick.
Unknown command.
You feel sick.
Unknown command.
You feel sick.
You feel sick.
Unknown command.
You feel sick.
You are no longer poisoned.
You start resting.
A polar bear is nearby!
You are too injured to fight recklessly!
You hit the polar bear but do no damage.
The polar bear completely misses you. x2; The polar bear misses you.
You hit the polar bear but do no damage.
You hit the polar bear but do no damage.
The polar bear barely misses you. The polar bear misses you.
The polar bear closely misses you.
You hit the polar bear but do no damage.
You catch the helpless polar bear completely off-guard!
You spit the polar bear like a pig!!!
The polar bear is almost dead.
The polar bear seems less confused.
The polar bear goes berserk!
Casting: Ensorcelled Hibernation (safe; 1% risk of failure)
Confirm with . or Enter, or press ? or * to list all spells.
Your hands begin to glow red.
You are too injured to fight recklessly!
You barely miss the polar bear.
The polar bear is severely wounded.
The polar bear closely misses you. The polar bear claws you.
The polar bear misses you.
You hit the polar bear but do no damage.
The polar bear appears confused.
The polar bear is severely wounded.
The polar bear bites you!!
Ouch! That really hurt!
You die...

.. .^# +##.. ####.# #
..##.####†.'.##.# #).#
...#..#.§.####
..####..#####^.##$# ?!)
'###.##..#$.'..#..#▓$$??(
.##..##..#†$#..#..#▓(?(?$
<.'.##'..####..##h#▓![[)!
.##.#.#...§###..@##▓▓▓▓▓▓
'###.##...§..~~~~~~~~~~~~
..####~~..§..~#'########+
#†.#~~~~~§~..~#....._._#~
#.##~§~§~~§~.~#...._._.#~
+##~~§≈§≈§~§~~#..._._._#~
~~~§§≈§§≈~~~#.._._._.#~
++#~§§§§§≈≈~#._._._._#§
##≈≈≈###≈≈#_._._._.#~


You could see a polar bear (berserk, confused).

Vanquished Creatures
  A fire dragon (D)
  A merfolk siren (D)
  A yaktaur (D)
  A hornet (D)
  2 polar bears (D)
  2 wyverns (D)
  4 neqoxecs (D)
  Menkaure (D)
  A water moccasin (D)
  4 scorpions (D)
  4 necrophages (D)
22 creatures vanquished.

Notes
Turn   | Place    | Note
-------+----------+-------------------------------------------
     0 | D        | Groucho the Spriggan Enchanter began the quest for the Orb.
     0 | D        | Reached XP level 1. HP: 9/9 MP: 5/5
     1 | D        | Noticed a scorpion
     1 | D        | Noticed a scorpion
     8 | D        | Noticed a neqoxec
     8 | D        | Noticed a neqoxec
     8 | D        | Noticed a neqoxec
     8 | D        | Noticed a neqoxec
    11 | D        | Noticed a merfolk siren
    15 | D        | Noticed a necrophage
    15 | D        | Noticed a necrophage
    15 | D        | Noticed a necrophage
    15 | D        | Noticed a necrophage
    20 | D        | Noticed a scorpion
    20 | D        | Noticed a scorpion
    21 | D        | Killed a scorpion
    22 | D        | Reached skill level 9 in Stealth
    22 | D        | Reached skill level 5 in Spellcasting
    22 | D        | Reached skill level 5 in Hexes
    22 | D        | Reached XP level 2. HP: 13/13 MP: 6/9
    22 | D        | Reached XP level 3. HP: 16/16 MP: 6/10
    23 | D        | Killed a scorpion
    24 | D        | Reached skill level 10 in Stealth
    24 | D        | Reached XP level 4. HP: 21/21 MP: 7/13
    25 | D        | Killed a scorpion
    26 | D        | Reached skill level 12 in Stealth
    26 | D        | Reached XP level 5. HP: 24/24 MP: 8/15
    38 | D        | Reached skill level 5 in Short Blades
    38 | D        | Reached skill level 13 in Stealth
    38 | D        | Reached XP level 6. HP: 28/28 MP: 9/17
    39 | D        | Reached skill level 14 in Stealth
    43 | D        | Reached skill level 15 in Stealth
    50 | D        | Killed a merfolk siren
    51 | D        | Reached skill level 16 in Stealth
    51 | D        | Reached XP level 7. HP: 35/35 MP: 9/20
    57 | D        | Killed a neqoxec
    58 | D        | Reached skill level 5 in Dodging
    59 | D        | Killed a neqoxec
    60 | D        | Reached skill level 17 in Stealth
    60 | D        | Reached skill level 10 in Hexes
    60 | D        | Reached XP level 8. HP: 39/39 MP: 10/22
    64 | D        | Reached skill level 10 in Spellcasting
    96 | D        | Learned a level 2 spell: Ensorcelled Hibernation
   100 | D        | Learned a level 3 spell: Confusing Touch
   104 | D        | Learned a level 3 spell: Dazzling Flash
   108 | D        | Learned a level 3 spell: Tukima's Dance
   109 | D        | Found Ysajol's Book Shoppe.
   109 | D        | Found Dof Munt's Distillery.
   109 | D        | Found Qeacrevu's Jewellery Emporium.
   109 | D        | Found Gillygr Laown's Magic Scroll Emporium.
   109 | D        | Found Yxasedogg's Antique Weapon Shoppe.
   109 | D        | Found Kismuz's Antique Armour Shoppe.
   110 | D        | Found Podevum's Jewellery Shoppe.
   110 | D        | Found Orupsuyh's General Store.
   111 | D        | Found Malischukh's Weapon Shoppe.
   111 | D        | Found Guolapur's Antique Armour Emporium.
   111 | D        | Noticed Menkaure
   111 | D        | Noticed a shining eye
   132 | D        | Killed Menkaure
   135 | D        | Found Boojir's Weapon Shoppe.
   135 | D        | Found Kohoes's Book Emporium.
   135 | D        | Noticed a shining eye
   135 | D        | Noticed a shining eye
   135 | D        | Noticed an oklob plant
   136 | D        | Found Giocaashe's Distillery.
   136 | D        | Found Nemeuh's Armour Emporium.
   136 | D        | Found Ulausov's Book Shoppe.
   141 | D        | Bought a potion of flight for 39 gold pieces
   149 | D        | Noticed an iron elemental
   153 | D        | Bought a ring of flight for 192 gold pieces
   155 | D        | Bought a runed scarf for 256 gold pieces
   201 | D        | Found a snail-covered altar of Cheibriados.
   202 | D        | Found a shadowy altar of Dithmenos.
   203 | D        | Found a white marble altar of Elyvilon.
   203 | D        | Found an ancient bone altar of Kikubaaqudgha.
   203 | D        | Found a viscous altar of Jiyva.
   204 | D        | Found a blossoming altar of Fedhas.
   204 | D        | Found a corrupted altar of Lugonu.
   204 | D        | Found a shimmering blue altar of Sif Muna.
   207 | D        | Found an opulent altar of Gozag.
   207 | D        | Found a burning altar of Makhleb.
   207 | D        | Found a bloodstained altar of Trog.
   208 | D        | Found a sparkling altar of Nemelex Xobeh.
   208 | D        | Found a hide-covered altar of Uskayaw.
   209 | D        | Found a basalt altar of Yredelemnul.
   210 | D        | Found an iron altar of Okawaru.
   210 | D        | Found a radiant altar of Vehumet.
   210 | D        | Found a glowing silver altar of Zin.
   210 | D        | Found a hazy altar of Hepliaklqana.
   210 | D        | Found a sacrificial altar of Ru.
   210 | D        | Found a shimmering altar of Xom.
   211 | D        | Found a stormy altar of Qazlal.
   211 | D        | Found an ornate altar of the Wu Jian Council.
   211 | D        | Found a glowing golden altar of the Shining One.
   215 | D        | Became a worshipper of Dithmenos the Shadowed
   235 | D        | Noticed a fire dragon
   239 | D        | Killed a fire dragon
   239 | D        | Reached * piety under Dithmenos
   240 | D        | Reached skill level 5 in Fighting
   240 | D        | Reached XP level 9. HP: 47/47 MP: 21/25
   344 | D        | Noticed a yaktaur
   344 | D        | Noticed a polar bear
   345 | D        | Noticed a polar bear
   345 | D        | Noticed a polar bear
   351 | D        | Killed a polar bear
   363 | D        | Killed a polar bear
   363 | D        | Reached ** piety under Dithmenos
   364 | D        | Reached skill level 10 in Short Blades
   370 | D        | Reached skill level 10 in Dodging
   370 | D        | Killed a yaktaur
   392 | D        | Slain by a polar bear

Illustrated notes

Levels and vault maps discovered:
D:        the_violet_keep_of_menkaure [sprint2_stairs_cluster_1,
          sprint2_shoproom, sprint2_temple, sprint2_basic_supplies,
          sprint2_obstacle_1, sprint2_obstacle_4, sprint2_obstacle_3,
          sprint2_obstacle_6, sprint2_obstacle_2, sprint2_timed_cluster_1,
          sprint2_smallroom_cluster_1, sprint2_smallroom_final_cluster_1,
          sprint2_transparent_cluster_1, sprint2_second_timed_cluster_1,
          sprint2_sniper_area_1, sprint2_heavy_combat_area_1,
          sprint2_mutation_trap_area_1, sprint2_forest_area_1,
          sprint2_light_combat_area_1, sprint2_behind_water_1,
          sprint2_near_end_vault_1]

Skill      XL: |  1  2  3  4  5  6  7  8  9 |
---------------+----------------------------+-----
Stealth        | 9 10 12 13 16 17 | 17.0
Spellcasting   | 5 6 7 9 11 12 | 12.4
Hexes          | 5 6 7 8 9 10 11 12 | 12.7
Short Blades   | 2 3 5 7 9 10 | 10.0
Fighting       | 2 5 6 |  6.3
Dodging        | 4 5 9 10 | 10.3

Action                   |  1- 3 |  4- 6 |  7- 9 || total
-------------------------+-------+-------+-------++-------
Melee: Dagger            |     2 |     7 |    36 ||    45
       Punch             |       |       |     1 ||     1
 Cast: Confusing Touch   |       |       |     6 ||     6
       Ensorcelled Hiber |       |       |     7 ||     7
  Use: Potion            |     3 |       |     1 ||     4
       Scroll            |       |       |     1 ||     1
 Stab: Sleeping          |     2 |     7 |     9 ||    18
       Confused          |       |       |     4 ||     4
Armor: Robe              |       |       |     3 ||     3
Dodge: Dodged            |       |       |    26 ||    26
